 Dungeon Crawl Stone Soup version 0.30.0-20-g3b4254fcbd (webtiles) character file.

Game seed: 16236173765425121228

159999 Amplified the Sage (level 17, -4/150 HPs)
             Began as a Demonspawn Ice Elementalist on May 28, 2023.
             Was a High Priest of Sif Muna.
             Killed from afar by a balrug (38 damage)
             ... with a bolt of fire
             ... summoned by a deep elf demonologist
             ... on level 3 of the Elven Halls on June 2, 2023.
             The game lasted 01:27:02 (30031 turns).

Amplified the Sage (Demonspawn Ice Elementalist)   Turns: 30031, Time: 01:27:03

Health: -4/150     AC: 21    Str: 15    XL:     17   Next: 17%
Magic:  16/33      EV: 13    Int: 25    God:    Sif Muna [*****.]
Gold:   842        SH:  4    Dex: 17    Spells: 14/40 levels left

rFire   . . .        P - staff of air "Jarit" {rElec Str+3 Dex+4 SInv}
rCold   . . .        (no shield)
rNeg    + . .        Q - quicksilver dragon scales
rPois   +            (helmet unavailable)
rElec   +            S - +0 cloak "Nexkorr" {Fly rPois Stlth+}
rCorr   +            N - +2 pair of gloves
SInv    +            h - +2 pair of boots
Will    ++...        (no amulet)
Stlth   ++           w - ring "Zyerhak" {rElec rN+ rCorr Str+3}
HPRegen 0.45/turn    B - ring of wizardry
MPRegen 0.23/turn

%: wizardry (x1)
@: flying, unable to drink
A: horns 3, slimy green scales 3, icemail 2, spiny 2, condensation shield,
bedeviling, hooves 1, large bone plates 1, robust 1, inability to drink after
injury 2
a: Renounce Religion, Channel Magic, Forget Spell, Divine Exegesis


You were on level 3 of the Elven Halls.
You worshipped Sif Muna.
Sif Muna was extremely pleased with you.
You visited 5 branches of the dungeon, and saw 26 of its levels.
You also visited: Volcano.

You collected 2895 gold pieces.
You spent 2053 gold pieces at shops.

Inventory:

Hand Weapons
 c - a +3 dagger of venom
 n - a +1 demon whip of venom
 O - a +3 broad axe of electrocution
 V - a +0 demon trident of flaming
Missiles
 a - 3 throwing nets
 l - 42 poisoned darts
Armour
 f - a +0 robe of fire resistance
 h - a +2 pair of boots (worn)
 H - a +1 ring mail of fire resistance
 N - a +2 pair of gloves (worn)
 Q - quicksilver dragon scales (worn)
 S - the +0 cloak "Nexkorr" (worn) {Fly rPois Stlth+}
   (You found it on level 9 of the Dungeon)

   rPois:     It protects you from poison.
   Fly:       It grants you flight.
   Stlth:     It makes you more stealthy.
Magical Staves
 C - the staff of poison "Xyraeman" {rPois rCorr Str+3}
   (You found it on level 7 of the Dungeon)

   [staff of poison]

   Base accuracy: +5 Base damage: 5 Base attack delay: 1.2 This weapon's minimum
   attack delay (0.6) is reached at skill level 12.
   Str:       It affects your strength (+3).
   rPois:     It protects you from poison.
   rCorr:     It protects you from acid and corrosion.
   It falls into the 'Staves' category.
   It is a one-handed weapon.
 P - the staff of air "Jarit" (weapon) {rElec Str+3 Dex+4 SInv}
   (You found it on level 8 of the Dungeon)

   [staff of air]

   Base accuracy: +5 Base damage: 5 Base attack delay: 1.2 This weapon's minimum
   attack delay (0.6) is reached at skill level 12.
   Str:       It affects your strength (+3).
   Dex:       It affects your dexterity (+4).
   rElec:     It insulates you from electricity.
   SInv:      It lets you see invisible.
   It falls into the 'Staves' category.
   It is a one-handed weapon.
Jewellery
 m - a ring of protection from fire
 q - an amulet of faith
 u - a ring of see invisible
 w - the ring "Zyerhak" (left hand) {rElec rN+ rCorr Str+3}
   (You found it on level 14 of the Dungeon)

   [ring of resist corrosion]

   Str:       It affects your strength (+3).
   rElec:     It insulates you from electricity.
   rN:        It protects you from negative energy.
   rCorr:     It protects you from acid and corrosion.
 B - a ring of wizardry (right hand)
 R - a +6 ring of intelligence
 T - a ring of flight
Wands
 j - a wand of paralysis (3)
 v - a wand of polymorph (5)
 I - a wand of roots (2)
Scrolls
 d - 2 scrolls of silence
 e - 2 scrolls of butterflies
 r - 3 scrolls of amnesia
 t - 3 scrolls of enchant weapon
 x - 6 scrolls of teleportation
 y - a scroll of fear
 z - 6 scrolls of enchant armour
 A - a scroll of identify
 F - 2 scrolls of poison
 G - 2 scrolls of fog
Potions
 b - 10 potions of attraction
 g - 2 potions of mutation
 i - 4 potions of lignification
 k - 3 potions of might
 o - 2 potions of flight
 p - 2 potions of heal wounds
 s - 21 potions of curing
 D - 2 potions of brilliance
 E - a potion of resistance
 J - 3 potions of cancellation
 K - a potion of haste
 W - a potion of invisibility
 Y - 2 potions of magic
Miscellaneous
 M - a tin of tremorstones (1/2)


   Skills:
 * Level 13.2 Fighting
 * Level 2.1 Armour
 * Level 5.1 Dodging
 - Level 1.7 Stealth
 * Level 12.3 Spellcasting
 - Level 8.9 Conjurations
 - Level 5.6 Necromancy
 - Level 10.8 Ice Magic
 - Level 8.2 Air Magic
 - Level 6.8 Poison Magic
 * Level 15.9 Invocations
 * Level 12.7 Evocations


You had 14 spell levels left.
You knew the following spells:

 Your Spells              Type           Power      Damage    Failure   Level
a - Freeze                Ice            100%       1d10      1%          1
b - Frozen Ramparts       Ice            100%       1d16      1%          3
c - Ozocubu's Armour      Ice            63%        N/A       1%          3
d - Mephitic Cloud        Conj/Pois/Air  70%        N/A       1%          3
e - Ignite Poison         Fire/Tmut/Pois 26%        N/A       3%          3
f - Dispel Undead         Necr           43%        3d17      2%          4
g - Freezing Cloud        Conj/Ice/Air   37%        6-21      1%          5
h - Airstrike             Air            35%        2d(6-22)  1%          4

Your spell library contained the following spells:

 Spells                   Type           Power      Damage    Failure   Level
 Foxfire                  Conj/Fire      100%       2x1d9     1%          1
 Kiss of Death            Conj/Necr      100%       2d13      1%          1
 Magic Dart               Conj           100%       1d8       1%          1
 Sting                    Tmut/Pois      100%       1d8       1%          1
 Cigotuvi's Dreadful Rot  Necr/Pois/Air  100%       N/A       1%          2
 Ensorcelled Hibernation  Hex/Ice        100%       N/A       1%          2
 Poisonous Vapours        Pois/Air       100%       N/A       1%          2
 Static Discharge         Conj/Air       100%       2-7/arc   1%          2
 Dazzling Flash           Conj/Hex       100%       N/A       1%          3
 Swiftness                Air            71%        N/A       1%          3
 Vampiric Draining        Necr           43%        2d9       1%          3
 Vhi's Electric Charge    Tloc/Air       100%       N/A       1%          3
 Olgreb's Toxic Radiance  Pois           49%        N/A       1%          4
 Spider Form              Tmut/Pois      32%        N/A       2%          3
 Arcjolt                  Conj/Air       36%        1d46      2%          5
 Iskenderun's Battlesphe  Conj           57%        2d11      2%          5
 Apportation              Tloc           30%        N/A       3%          1
 Slow                     Hex            92%        N/A       3%          1
 Ice Form                 Ice/Tmut       42%        N/A       3%          4
 Summon Ice Beast         Ice/Summ       42%        N/A       3%          4
 Call Imp                 Summ           30%        N/A       4%          2
 Passwall                 Tmut/Erth      12%        N/A       4%          2
 Flame Wave               Conj/Fire      37%        2d10      4%          4
 Sticky Flame             Conj/Fire      37%        2d6       4%          4
 Summon Lightning Spire   Summ/Air       52%        N/A       6%          4
 Confusing Touch          Hex            23%        N/A       9%          3
 Gell's Gravitas          Tloc           15%        N/A       9%          3
 Inner Flame              Hex/Fire       23%        N/A       9%          3
 Summon Guardian Golem    Hex/Summ       23%        N/A       9%          3
 Teleport Other           Tloc           15%        N/A       9%          3
 Tukima's Dance           Hex            23%        N/A       9%          3
 Metabolic Englaciation   Hex/Ice        29%        N/A       9%          5
 Anguish                  Hex/Necr       22%        N/A       10%         4
 Fireball                 Conj/Fire      18%        3d9       13%         5
 Conjure Ball Lightning   Conj/Air       36%        3x3d12    13%         6
 Silence                  Hex/Air        34%        N/A       16%         5
 Alistair's Intoxication  Tmut/Pois      21%        N/A       21%         5
 Cause Fear               Hex            11%        N/A       28%         4
 Leda's Liquefaction      Hex/Erth       11%        N/A       28%         4
 Manifold Assault         Tloc           15%        N/A       28%         4
 Death Channel            Necr           21%        N/A       38%         6
 Orb of Destruction       Conj           28%        9d9       52%         7
 Starburst                Conj/Fire      18%        6d7       56%         6
 Summon Mana Viper        Hex/Summ       23%        N/A       61%         5
 Yara's Violent Unravell  Hex/Tmut       11%        3d6       61%         5
 Plasma Beam              Fire/Air       26%        2x1d42    61%         6
 Dispersal                Tloc           7%         N/A       98%         6
 Summon Cactus Giant      Summ           7%         N/A       98%         6
 Maxwell's Capacitive Co  Air            35%        ∞         99%         8
 Enfeeble                 Hex            11%        N/A       100%        7
 Monstrous Menagerie      Summ           7%         N/A       100%        7
 Disjunction              Tloc           7%         N/A       100%        8
 Fire Storm               Conj/Fire      18%        8d5       100%        9


Dungeon Overview and Level Annotations

Branches:
Dungeon (15/15)            Temple (1/1) D:5            Lair (5/5) D:8
 Shoals (0/4) Lair:2        Snake (0/4) Lair:2        Slime (0/5) Lair:4
    Orc (2/2) D:11            Elf (3/3) Orc:2        Vaults (0/5) D:13
 Depths (0/4) D:15        Volcano (visited)

Altars:
Ashenzari
Cheibriados
Dithmenos
Fedhas
Gozag
Hepliaklqana
Kikubaaqudgha
Makhleb
Nemelex Xobeh
Okawaru
Qazlal
Ru
Sif Muna
Trog
Uskayaw
Vehumet
Wu Jian
Xom
Yredelemnul
Jiyva

Shops:
D:6 *   D:8 *   D:15 (   Orc:1 ((:[   Orc:2 [:*(   Elf:1 (

Portals:
Trove: D:13 (give +2 gold dragon scales)

Annotations:
D:3 Sigmund, Terence
D:15 Roxanne
Lair:5 exclusion: obsidian statue
Orc:2 1 runed translucent door, Shavain's ghost, journeyman GnGl
Elf:2 3 runed translucent doors


Innate Abilities, Weirdness & Mutations

You have a pair of large horns on your head.
You are completely covered in slimy green scales. (AC +4, rPois)
A meltable icy envelope protects you from harm. (AC +0)
You are mostly covered in sharp spines.
A meltable shield of frost defends you. (SH +0)
Your hexes are more powerful.
You have large cloven feet.
You are partially covered in large bone plates. (SH +4)
You are robust. (+10% HP)
You sometimes lose the ability to drink potions when taking damage.


Message History

Confirm with . or Enter, or press ? or * to list all spells.
Aiming: Airstrike (mildly dangerous; 1% risk of failure)
Press: ? - help, Dir - move target, f/p - deep elf demonologist
Aim: a deep elf demonologist, wielding a +0 rapier of electrocution and wearing a +0 scale mail (heavily wounded, empty space bonus: 1/8)
You feel a surge of power!
The air twists around and strikes the deep elf demonologist!
The deep elf demonologist is severely wounded.
The tormentor hits you but does no damage.
You block the tormentor's attack.
The balrug is engulfed in freezing vapours.
The balrug gestures at you.
The fireball explodes!
The fireball engulfs you!!
Your icy defences dissipate!
You feel threatened and lose the ability to drink potions!
The fireball engulfs the tormentor!!
The tormentor resists.
The smoke demon is engulfed in freezing vapours.
You hear a shout! x3
Unknown command.
Blink to where?
Press: ? - help, Dir - move target, p - deep elf demonologist
As you read the scroll of blinking, it crumbles to dust.
The tormentor calls on the powers of darkness!
Your body is wracked with pain!
* * * LOW HITPOINT WARNING * * *
Okay, then.
You cannot drink potions in your current state!
Unknown command.
As you read the scroll of fog, it crumbles to dust.
The scroll dissolves into smoke.
The tormentor screams, "You will die horribly!"
The teleport trap disappears.
The tormentor disappears!
There is an open door, spattered with blood here.
Things that are here:
a +0 rapier; a +0 ring mail; an elf corpse You reach down and close the door, pushing everything out of the way.
You see here a +0 rapier.
A balrug opens the door.
The balrug gestures at you. The bolt of fire hits you!!!
You die...

..#.....##
......)..##
..........##
.....=.....########
....).......'....<#
...........######.#
..........## #..#
.........## #.##
........## #@#
###....## #.# #
###### #.# # #)# #
##'## # ##.2[## #
##.....## #
##.......## #
#..§§2....##


You could see a balrug (summoned).

Vanquished Creatures
  the Lernaean hydra (D:14)
  An orc warlord (Orc:2)
  Nessos (D:14)
  A stone giant (D:15)
  A deep elf annihilator (Elf:2)
  A deep elf demonologist (Elf:2)
  3 dire elephants (Lair:5)
  Snorg (Lair:3)
  43 hydras
  Erolcha (D:10)
  An ogre mage (D:15)
  2 boulder beetles
  6 two-headed ogres
  8 vault guards (D:13)
  5 centaur warriors
  A death knight (D:14)
  9 death yaks (Lair:4)
  12 dancing weapons
  6 tengu warriors (D:15)
  4 orc high priests
  5 deep elf knights
  Urug (Lair:3)
  Nergalle (D:12)
  Sonja (Lair:2)
  Amaemon (Lair:1)
  3 skeletal warriors (D:14)
  A spectral death yak (Lair:5)
  2 skysharks
  A lindwurm (Lair:5)
  A spectral anaconda (Lair:5)
  7 deep elf archers
  Pikel (D:7)
  20 deep elf zephyrmancers
  9 orc sorcerers
  22 deep elf pyromancers
  3 necromancers (Lair:5)
  5 orc knights
  11 ugly things
  6 cyclopes
  A salamander (Lair:2)
  3 manticores
  A dire elephant zombie (Lair:5)
  9 elephants
  5 black mambas
  A water nymph (Lair:2)
  13 cane toads
  An orange demon (Lair:1)
  2 gargoyles
  2 kobold demonologists
  4 rime drakes
  3 yaktaurs (D:15)
  A torpor snail (Lair:5)
  2 unseen horrors (D:8)
  5 komodo dragons
  2 tengu conjurers
  6 trolls
  A queen bee (shapeshifter) (D:12)
  A polar bear (Lair:5)
  A hornet (D:8)
  21 blink frogs
  2 spectral elephants (Lair:5)
  9 dream sheep (Lair:5)
  8 slime creatures
  A jumping spider (shapeshifter) (D:15)
  2 vampires
  3 air elementals
  2 shadows
  3 spriggans (Lair:5)
  2 wyverns (D:8)
  28 yaks
  2 wraiths (D:14)
  2 water elementals (Elf:1)
  5 basilisks
  8 fire elementals
  3 steam dragons
  A death yak simulacrum (Lair:5)
  14 vampire mosquitoes
  A swamp worm (D:11)
  2 acid dragons
  A spectral cane toad (Lair:5)
  13 water moccasins
  4 hell hounds (Volcano)
  A sky beast (D:6)
  26 orc warriors
  3 black bears
  4 ice beasts
  2 elephant skeletons (Lair:5)
  9 ogres
  8 centaurs
  10 wolves (Lair:1)
  3 lemures (D:6)
  4 kobold brigands
  2 earth elementals
  A bullfrog (shapeshifter) (D:8)
  11 bullfrogs
  3 gnoll sergeants
  2 scorpions (D:5)
  A cane toad simulacrum (Lair:5)
  10 wights
  18 killer bees
  3 howler monkeys
  5 electric eels
  3 lava snakes (Lair:2)
  8 jellies
  12 orc priests
  2 hounds
  3 sleepcaps
  Jessica (D:3)
  Natasha (D:3)
  2 iguanas
  15 orc wizards
  A hound zombie (D:3)
  7 adders
  10 gnolls
  2 white imps
  An adder zombie (D:3)
  3 worms
  4 dart slugs
  67 orcs
  3 bats
  7 endoplasms
  4 giant cockroaches
  10 goblins
  7 hobgoblins
  10 jackals
  15 kobolds
  4 quokkas
  7 ball pythons
  2 frilled lizards
  2 jackal zombies (D:3)
  10 rats
759 creatures vanquished.

Vanquished Creatures (others)
  A deep elf knight (Elf:1)
  A deep elf zephyrmancer (Elf:1)
  An orc (D:8)
3 creatures vanquished.

Grand Total: 762 creatures vanquished

Notes
Turn   | Place    | Note
-------+----------+-------------------------------------------
     0 | D:1      | Amplified the Demonspawn Ice Elementalist began the quest
                  | for the Orb.
     0 | D:1      | Reached XP level 1. HP: 13/13 MP: 3/3
   256 | D:1      | Gained mutation: You are partially covered in sharp spines.
                  | [demonic ancestry]
   256 | D:1      | Reached XP level 2. HP: 10/20 MP: 0/5
   369 | D:1      | Reached skill level 1 in Fighting
   397 | D:1      | Found a faded altar of an unknown god.
   721 | D:1      | Gained mutation: You are partially covered in slimy green
                  | scales. (AC +2) [demonic ancestry]
   721 | D:1      | Reached XP level 3. HP: 26/26 MP: 4/6
   868 | D:1      | Learned a level 3 spell: Frozen Ramparts
  1258 | D:2      | Learned a level 3 spell: Ozocubu's Armour
  1952 | D:3      | Found a shimmering altar of Xom.
  1961 | D:3      | Gained mutation: You are mostly covered in slimy green
                  | scales. (AC +3) [demonic ancestry]
  1961 | D:3      | Reached XP level 4. HP: 33/33 MP: 2/8
  2033 | D:3      | Noticed Jessica
  2036 | D:3      | Killed Jessica
  2193 | D:3      | Noticed Natasha
  2199 | D:3      | Killed Natasha
  2383 | D:3      | Noticed Sigmund
  2473 | D:3      | Noticed Terence
  2506 | D:3      | Reached XP level 5. HP: 29/39 MP: 6/9
  2566 | D:3      | Found a basalt altar of Yredelemnul.
  2995 | D:4      | Gained mutation: A meltable shield of frost defends you.
                  | (SH +0) [demonic ancestry]
  2995 | D:4      | Reached XP level 6. HP: 45/47 MP: 1/11
  3413 | D:5      | Entered Level 5 of the Dungeon
  3500 | D:5      | Found a staircase to the Ecumenical Temple.
  3596 | D:5      | Reached skill level 5 in Ice Magic
  3601 | D:5      | Reached XP level 7. HP: 38/53 MP: 9/13
  4280 | D:6      | Gained mutation: You have a pair of small horns on your
                  | head. [demonic ancestry]
  4280 | D:6      | Reached XP level 8. HP: 54/61 MP: 7/15
  4307 | D:6      | Reached skill level 5 in Fighting
  4307 | D:6      | Reached skill level 5 in Spellcasting
  4610 | D:6      | Found Kenaney's General Store.
  5199 | D:7      | Noticed Pikel
  5315 | Temple   | Entered the Ecumenical Temple
  5388 | Temple   | Became a worshipper of Sif Muna the Loreminder
  5488 | D:5      | Gained mutation: A meltable icy envelope protects you from
                  | harm. (AC +0) [demonic ancestry]
  5488 | D:5      | Reached XP level 9. HP: 69/69 MP: 15/18
  5869 | D:7      | Identified the staff of poison "Xyraeman" {rPois rCorr
                  | Str+3}
  5876 | D:7      | Learned a level 3 spell: Mephitic Cloud
  5880 | D:7      | Learned a level 3 spell: Ignite Poison
  6012 | D:7      | Killed Pikel
  6013 | D:7      | Reached skill level 1 in Poison Magic
  6013 | D:7      | Reached skill level 1 in Evocations
  6244 | D:7      | Found a blossoming altar of Fedhas.
  6253 | D:7      | Found a shadowy altar of Dithmenos.
  6517 | D:8      | Reached skill level 1 in Invocations
  6520 | D:8      | Reached skill level 2 in Invocations
  6666 | D:8      | Reached skill level 3 in Invocations
  6894 | D:8      | Found a staircase to the Lair.
  6926 | D:8      | Reached XP level 10. HP: 73/79 MP: 19/20
  6936 | D:8      | Reached * piety under Sif Muna
  7150 | D:8      | Reached skill level 4 in Invocations
  7399 | D:8      | Found Yfoggi Yjeph's General Store.
  7404 | D:8      | Bought a scroll of blinking for 97 gold pieces
  7557 | D:8      | Found an ornate altar of the Wu Jian Council.
  7700 | D:8      | Reached skill level 5 in Invocations
  7810 | D:8      | Noticed a gargoyle
  7826 | D:8      | Killed a gargoyle
  7926 | D:8      | Reached skill level 5 in Poison Magic
  7926 | D:8      | Reached skill level 5 in Evocations
  7946 | D:8      | Noticed a centaur warrior
  7948 | D:8      | Reached skill level 6 in Invocations
  7959 | D:8      | Killed a centaur warrior
  7959 | D:8      | Reached ** piety under Sif Muna
  8055 | D:8      | Reached skill level 7 in Invocations
  8095 | D:8      | Noticed a centaur warrior
  8110 | D:8      | Killed a centaur warrior
  8111 | D:8      | Gained mutation: A meltable icy envelope protects you from
                  | harm. (AC +0) [demonic ancestry]
  8111 | D:8      | Reached XP level 11. HP: 80/86 MP: 19/22
  8217 | D:8      | Noticed a cyan ugly thing
  8219 | D:8      | Noticed a purple ugly thing
  8226 | D:8      | Noticed a purple ugly thing
  8231 | D:8      | Killed a cyan ugly thing
  8232 | D:8      | Killed a purple ugly thing
  8233 | D:8      | Reached skill level 8 in Invocations
  8234 | D:8      | Killed a white ugly thing
  8241 | D:8      | Identified the staff of air "Jarit" {rElec Str+3 Dex+4
                  | SInv}
  8245 | D:8      | Identified the +4 mace of the Unbearable God {freeze, rPois
                  | rF+ Dex-3}
  8696 | D:9      | Learned a level 4 spell: Dispel Undead
  8864 | D:9      | Identified the +0 cloak "Nexkorr" {Fly rPois Stlth+}
  9018 | D:9      | Found a viscous altar of Jiyva.
  9112 | D:9      | Found a sacrificial altar of Ru.
  9211 | D:9      | Found a broken altar of Ashenzari.
  9231 | D:9      | Found a sparkling altar of Nemelex Xobeh.
  9245 | D:9      | Reached skill level 1 in Necromancy
  9597 | D:10     | Entered Level 10 of the Dungeon
  9744 | D:10     | Noticed Erolcha
  9746 | D:10     | Killed Erolcha
  9747 | D:10     | Reached skill level 9 in Invocations
  9751 | D:10     | Noticed a deep elf pyromancer
  9754 | D:10     | Reached *** piety under Sif Muna
  9775 | D:10     | Killed a deep elf pyromancer
  9866 | D:10     | Reached XP level 12. HP: 87/94 MP: 24/24
 10812 | D:11     | Reached skill level 10 in Invocations
 11025 | D:11     | Reached **** piety under Sif Muna
 11032 | D:11     | Found a staircase to the Orcish Mines.
 11664 | D:12     | Noticed Nergalle
 12026 | Lair:1   | Entered Level 1 of the Lair of Beasts
 12141 | Lair:1   | Noticed Amaemon
 12153 | Lair:1   | Killed Amaemon
 12155 | Lair:1   | Reached skill level 5 in Necromancy
 12688 | Lair:1   | Learned a level 5 spell: Freezing Cloud
 13179 | Lair:2   | Reached skill level 11 in Invocations
 13233 | Lair:2   | Reached skill level 1 in Conjurations
 13233 | Lair:2   | Reached skill level 1 in Air Magic
 13388 | Lair:2   | Identified the +0 robe of Twilight {rC- rN+++ Slay-3 SInv}
 13412 | Lair:2   | Noticed a boulder beetle
 13448 | Lair:2   | Noticed Sonja
 13457 | Lair:2   | Killed a boulder beetle
 13460 | Lair:2   | Killed Sonja
 13626 | Lair:2   | You are sucked into a shaft and drop 2 floors!
 13655 | Lair:4   | Found a staircase to the Slime Pits.
 13655 | Lair:4   | Found a viscous altar of Jiyva.
 13718 | Lair:4   | Noticed a death yak
 13844 | Lair:4   | Noticed a death yak
 13863 | Lair:4   | Killed a death yak
 13912 | Lair:4   | Noticed a death yak
 13927 | Lair:4   | Killed a death yak
 13928 | Lair:4   | Gained mutation: You have a pair of horns on your head.
                  | [demonic ancestry]
 13928 | Lair:4   | Reached XP level 13. HP: 75/103 MP: 19/26
 14607 | Lair:2   | Found a staircase to the Shoals.
 14765 | Lair:2   | Found a staircase to the Snake Pit.
 14942 | Lair:2   | Reached skill level 10 in Fighting
 15347 | Lair:3   | Noticed Snorg
 15358 | Lair:3   | Killed Snorg
 15715 | Lair:3   | Noticed Urug
 15727 | Lair:3   | Killed Urug
 16372 | Lair:4   | Reached ***** piety under Sif Muna
 16884 | Lair:4   | Reached skill level 12 in Invocations
 17121 | Lair:5   | Entered Level 5 of the Lair of Beasts
 17235 | Lair:5   | Received a gift from Sif Muna
 17280 | Lair:5   | Reached skill level 10 in Evocations
 17412 | Lair:5   | Found a dark tunnel.
 17459 | Volcano  | Entered a volcano
 17496 | Volcano  | Gained mutation: You have a pair of large horns on your
                  | head. [demonic ancestry]
 17496 | Volcano  | Reached XP level 14. HP: 111/111 MP: 27/27
 17565 | Volcano  | Reached skill level 10 in Spellcasting
 17880 | Volcano  | Identified the +4 hat of Tempters {rCorr Dex+3}
 17990 | Lair:5   | Reached skill level 5 in Conjurations
 18491 | Lair:5   | Received a gift from Sif Muna
 18494 | Lair:5   | Got Sif Muna's Tome of Ill-starred Astrapomancy {god gift}
 18524 | Lair:5   | Reached skill level 13 in Invocations
 18525 | Lair:5   | Reached skill level 5 in Air Magic
 18778 | Lair:5   | Upgraded the game from 0.30.0-19-g36f170ea60 to
                  | 0.30.0-20-g3b4254fcbd
 18801 | Lair:5   | Gained mutation: Your body sometimes deteriorates upon
                  | taking damage. [a neqoxec]
 19731 | Orc:1    | Entered Level 1 of the Orcish Mines
 19731 | Orc:1    | Found Jat Zeupt's Antique Weapon Emporium.
 19777 | Orc:1    | Found Ammyroc's Book Emporium.
 20002 | Orc:1    | Found Byfejuhesm's Distillery.
 20037 | Orc:1    | Found Cuvvupn's Armour Boutique.
 20038 | Orc:1    | Bought 2 potions of haste for 260 gold pieces
 20038 | Orc:1    | Bought a potion of mutation for 104 gold pieces
 20038 | Orc:1    | Bought a potion of heal wounds for 65 gold pieces
 20038 | Orc:1    | Bought a potion of magic for 104 gold pieces
 20038 | Orc:1    | Bought a potion of curing for 39 gold pieces
 20038 | Orc:1    | Bought a potion of cancellation for 104 gold pieces
 20144 | Orc:1    | Found Bocvit's Antique Weapon Emporium.
 20289 | Orc:2    | Entered Level 2 of the Orcish Mines
 20313 | Orc:2    | Found Iweis's General Store.
 20491 | Orc:2    | Bought a potion of might for 56 gold pieces
 20745 | Orc:2    | Found Jabopput's Antique Weapon Boutique.
 20747 | Orc:2    | Found a staircase to the Elven Halls.
 20768 | Orc:2    | Found a runed translucent door.
 20770 | Orc:2    | Found a shimmering altar of Xom.
 20770 | Orc:2    | Noticed Shavain's ghost (journeyman GnGl)
 20897 | Orc:2    | Found Coubesit's Book Shoppe.
 20897 | Orc:2    | Noticed an orc warlord
 20921 | Orc:2    | Killed an orc warlord
 21202 | Orc:2    | Found Nijiklai's Antique Armour Boutique.
 21225 | Orc:2    | Gained mutation: You are mostly covered in sharp spines.
                  | [demonic ancestry]
 21225 | Orc:2    | Reached XP level 15. HP: 87/119 MP: 26/29
 21681 | D:12     | Killed Nergalle
 22730 | D:13     | Found a gate to the Vaults.
 22744 | D:13     | Received a gift from Sif Muna
 22747 | D:13     | Got Sif Muna's Elucidation of Charming Momentum {god gift}
 23046 | D:13     | Found a portal to a secret trove of treasure.
 23242 | D:14     | Reached skill level 14 in Invocations
 23396 | D:15     | Entered Level 15 of the Dungeon
 23680 | D:15     | Noticed Roxanne
 23879 | D:15     | Found Ucuwur's Firing Range.
 24689 | D:15     | Found a staircase to the Depths.
 25079 | D:14     | Reached skill level 10 in Ice Magic
 25472 | D:14     | Found a runed translucent door.
 25472 | D:14     | Found a runed translucent door.
 25472 | D:14     | Noticed the 27-headed Lernaean hydra
 25659 | D:14     | Noticed Nessos
 25674 | D:14     | Killed Nessos
 25892 | D:14     | Found a runed translucent door.
 25902 | D:14     | Gained mutation: You are completely covered in slimy green
                  | scales. (AC +4, rPois) [demonic ancestry]
 25902 | D:14     | Reached XP level 16. HP: 128/128 MP: 29/31
 25906 | D:14     | Received a gift from Sif Muna
 25924 | D:14     | Got Sif Muna's Tome of Massed Jinxing {god gift}
 25931 | D:14     | Found a runed translucent door.
 26009 | D:14     | Reached skill level 15 in Invocations
 26062 | D:14     | Found a runed translucent door.
 26241 | D:14     | Killed the 27-headed Lernaean hydra
 26302 | D:14     | Identified the +9 hand axe "Beastbane" {chaos, *Rage rN+
                  | Will+ Str+6}
 26302 | D:14     | Identified the staff of poison "Nieleit" {rPois Dex+4}
 26302 | D:14     | Identified the ring "Zyerhak" {rElec rN+ rCorr Str+3}
 26594 | Orc:1    | Bought Sif Muna's Octavo of Fiery Toxicants for 576 gold
                  | pieces
 26594 | Orc:1    | Bought a book of Party Tricks for 192 gold pieces
 26594 | Orc:1    | Bought Maxwell's Memoranda for 456 gold pieces
 26689 | Elf:1    | Entered Level 1 of the Elven Halls
 27248 | Orc:2    | Learned a level 4 spell: Airstrike
 28119 | Elf:1    | Found Goduic's Weapon Shoppe.
 28350 | Elf:2    | Lost mutation: Your body sometimes deteriorates upon taking
                  | damage. [potion of mutation]
 28350 | Elf:2    | Gained mutation: You sometimes lose your temper in combat.
                  | [potion of mutation]
 28350 | Elf:2    | Gained mutation: You have large cloven feet. [potion of
                  | mutation]
 28350 | Elf:2    | Gained mutation: Your flesh is heat resistant. (rF+)
                  | [potion of mutation]
 28351 | Elf:2    | Lost mutation: You sometimes lose your temper in combat.
                  | [potion of mutation]
 28351 | Elf:2    | Lost mutation: Your flesh is heat resistant. (rF+) [potion
                  | of mutation]
 28351 | Elf:2    | Gained mutation: You occasionally lose the ability to drink
                  | potions when taking damage. [potion of mutation]
 28351 | Elf:2    | Gained mutation: You are robust. (+10% HP) [potion of
                  | mutation]
 28351 | Elf:2    | Gained mutation: You sometimes lose the ability to drink
                  | potions when taking damage. [potion of mutation]
 28351 | Elf:2    | Gained mutation: You are partially covered in large bone
                  | plates. (SH +4) [potion of mutation]
 28930 | Elf:2    | Reached skill level 1 in Armour
 29103 | Elf:2    | Gained mutation: Your hexes are more powerful. [demonic
                  | ancestry]
 29103 | Elf:2    | Reached XP level 17. HP: 138/149 MP: 13/33
 29248 | Elf:2    | Reached skill level 5 in Dodging
 29618 | Elf:2    | Found a runed translucent gate.
 29619 | Elf:2    | Found a runed translucent gate.
 29619 | Elf:2    | Found a runed translucent gate.
 29661 | Elf:3    | Entered Level 3 of the Elven Halls
 30031 | Elf:3    | Killed from afar by a balrug

Illustrated notes

Levels and vault maps discovered:
D:1:      lightli_arrival_maybe_door_vault, layout_loops_ring,
          hellmonk_ecumenical_altar_lost_god
D:2:      layout_loops_ring, serial_glass, glass_columns_a, glass_columns_c,
          glass_columns_c, glass_columns_c, glass_columns_c
D:3:      layout_loops_ring, nicolae_yredelemnul_corpse_copse,
          lemuel_round_altar, grunt_decor_resistance, uniq_crazy_yiuf_cottage,
          uniq_natasha, uniq_terence, uniq_jessica, uniq_sigmund
D:4:      layout_loops_cross
D:5:      layout_loops_ring, temple_statues
D:6:      layout_basic, serial_shops, shop, cheibrodos_sewer_entry_bend,
          due_unseen_surprise
D:7:      layout_gridville, minitemple, uniq_pikel
D:8:      minmay_the_grid_octo_tiled_squarecenter
          [minmay_the_grid_octo_pinwheel, minmay_the_grid_octo_checkered,
          minmay_the_grid_octo_teeth, minmay_the_grid_octo_odd_swirl,
          minmay_the_grid_square_5x5_megaprize_crossed,
          minmay_the_grid_square_5x5_inset,
          minmay_the_grid_square_5x5_half_checkered,
          minmay_the_grid_square_5x5_inner_i,
          minmay_the_grid_square_5x5_percent], layout_basic,
          nzn_wu_jian_council_hall, lair_entry_dummy, serial_shops,
          nicolae_shop_advertising_works [nicolae_subvault_shop_adworks],
          hangedman_abyss_or_decor_lesser_grid, kennysheep_kite_vault
D:9:      layout_gridville, nicolae_ru_awakened_eye, nicolae_overflow_squiral,
          jiyva_altar_1
D:10:     minmay_four_partial_circles, layout_loops_cross, uniq_erolcha
D:11:     minmay_goldmine, layout_cave_pods, hiddenorc1_lemuel,
          minmay_misc_feat_encased
D:12:     layout_rooms, uniq_nergalle
D:13:     layout_rooms, erik_vaults_2, nicolae_trove_entry_free_sample
D:14:     layout_cross, hex_large, minmay_misc_feat_iff,
          nicolae_hydra_factorization, uniq_nessos
D:15:     grunt_enter_depths_snipers, layout_irregular_city,
          nicolae_shop_firing_range, uniq_roxanne
Temple:   nicolae_temple_great_sept
Lair:1:   layout_small_grid, nicolae_lair_grazing_beasts
          [nicolae_sub_lair_graze_edge, nicolae_sub_lair_graze_edge,
          nicolae_sub_lair_graze_edge, nicolae_sub_lair_graze_edge],
          uniq_amaemon
Lair:2:   layout_gridlike, nicolae_shoals_entry_flooding,
          nicolae_snake_entry_warm_welcome, cheibrodos_lair_reptile_den,
          infiniplex_staircase_pool, uniq_sonja
Lair:3:   layout_roguey, grunt_megastairs_1, uniq_snorg, uniq_urug
Lair:4:   layout_regular_city, slime_entry_1
Lair:5:   due_jungle_book, layout_regular_city, nicolae_volcano_entry_vermiform,
          wad_woods_02
Orc:1:    layout_caves, serial_shops,
          nicolae_shop_temple_entry_statues_fountains, shop,
          nicolae_shop_back_alley_shop, shop_fountains,
          nicolae_book_shop_shelving
Orc:2:    grunt_orc_gardens, layout_diamond_mine, grunt_orc_garden,
          grunt_orc_garden, grunt_orc_garden, grunt_orc_garden,
          ebering_ghost_xom
Elf:1:    elf_arrival_002, layout_loops_ring, serial_shops, shop,
          evilmike_minifort
Elf:2:    nicolae_elf_blades_crystal_corner, layout_geoelf_octagon,
          uniq_asterion
Elf:3:    minmay_elf_hall_four_x, layout_gridlike, dreamdust_princess_corridor

Skill      XL: |  1  2  3  4  5  6  7  8  9 10 11 12 13 14 15 16 17 |
---------------+----------------------------------------------------+-----
Dodging        | 2 3 4 5 |  5.1
Fighting       | 1 2 3 4 6 7 8 9 10 11 12 13 | 13.2
Ice Magic      | 4 5 6 7 8 9 10 | 10.8
Spellcasting   | 3 4 6 7 8 9 10 11 12 | 12.3
Poison Magic   | 3 6 |  6.8
Evocations     | 3 6 7 9 10 11 12 | 12.7
Invocations    | 3 7 9 11 12 13 14 15 | 15.9
Necromancy     | 3 5 |  5.6
Conjurations   | 2 4 6 7 8 |  8.9
Air Magic      | 1 4 5 7 8 |  8.2
Armour         | 1 2 |  2.1
Stealth        | |  1.7

Action                     |  1- 3 |  4- 6 |  7- 9 | 10-12 | 13-15 | 16-18 || total
---------------------------+-------+-------+-------+-------+-------+-------++-------
  Melee: Unarmed           |    53 |    31 |       |       |       |       ||    84
         Punch             |     1 |     1 |     2 |     4 |     7 |     3 ||    18
         Quarterstaff      |       |    23 |       |       |       |       ||    23
         Dagger            |       |    33 |    90 |       |       |       ||   123
         Headbutt          |       |       |    27 |    71 |   127 |    34 ||   259
         Staff             |       |       |    32 |   260 |   404 |    96 ||   792
   Cast: Freeze            |    61 |    29 |    27 |    65 |    73 |     7 ||   262
         Ozocubu's Armour  |     1 |     1 |    15 |    49 |    71 |    12 ||   149
         Frozen Ramparts   |       |     6 |    27 |    64 |   108 |    30 ||   235
         Mephitic Cloud    |       |       |     3 |    26 |    64 |    15 ||   108
         Dispel Undead     |       |       |       |     4 |    29 |       ||    33
         Ignite Poison     |       |       |       |     5 |     4 |     2 ||    11
         Freezing Cloud    |       |       |       |       |    57 |    17 ||    74
         Airstrike         |       |       |       |       |       |    69 ||    69
 Invoke: Channel Magic     |       |       |       |     1 |     4 |     3 ||     8
  Evoke: Wand              |       |       |    13 |    33 |    26 |       ||    72
         Tin of tremorston |       |       |       |     6 |     7 |     3 ||    16
    Use: Potion            |     2 |     3 |       |     2 |     8 |     5 ||    20
         Scroll            |     4 |     4 |     3 |    11 |     6 |     3 ||    31
   Stab: Sleeping          |       |     4 |     1 |       |     3 |       ||     8
         Confused          |       |       |     2 |     1 |     7 |     1 ||    11
         Paralysed         |       |       |       |       |     5 |       ||     5
 Armour: Robe              |    24 |    42 |    62 |    45 |       |       ||   173
         Skin              |       |     8 |       |       |       |       ||     8
         Quicksilver drago |       |       |       |   174 |   397 |   108 ||   679
  Dodge: Dodged            |    57 |    40 |    81 |   230 |   350 |    86 ||   844
  Block: Other             |       |     6 |    28 |    74 |   107 |    27 ||   242
